 Dungeon Crawl Stone Soup version 0.19-a0-27-g415f530 (webtiles) character file.

8 Duffy the Skirmisher (level 2, 24/24 HPs)
             Began as a Demonspawn Fighter on May 1, 2016.
             Quit the game on level 1 of the Dungeon.
             The game lasted 00:00:36 (553 turns).

Duffy the Skirmisher (Demonspawn Fighter)            Turns: 553, Time: 00:00:37

Health: 24/24      AC:  7    Str: 16    XL:     2   Next: 0%
Magic:  2/2        EV:  6    Int:  9    God:
Gold:   3          SH:  8    Dex: 12    Spells: 0 memorised, 1 level left

rFire  . . .     SeeInvis .     a - +0 war axe
rCold  . . .     Gourm    .     b - +0 scale mail
rNeg   . . .     Faith    .     c - +0 shield
rPois  .         Spirit   .     h - +0 helmet
rElec  .         Dismiss  .     (no cloak)
rCorr  .         Reflect  .     (no gloves)
SustAt .         Harm     .     (no boots)
MR     .....                    (no amulet)
Stlth  ..........               (no ring)
                                (no ring)

@: not resistant to hostile enchantments, extremely unstealthy
A: claws 1
a: no special abilities


You were on level 1 of the Dungeon.
You were not hungry.

You visited 1 branch of the dungeon, and saw 1 of its levels.

You collected 3 gold pieces.


Innate Abilities, Weirdness & Mutations

You have sharp fingernails.


   Skills:
 - Level 3.0 Fighting
 + Level 2.4 Axes
 - Level 2.6 Armour
 - Level 2.6 Shields


You had one spell level left.
You didn't know any spells.

Inventory:

Hand Weapons
 a - a +0 war axe (weapon)
Armour
 b - a +0 scale mail (worn)
 c - a +0 shield (worn)
 h - a +0 helmet (worn)
Scrolls
 e - a scroll of immolation {unknown}
 g - a scroll of teleportation {unknown}
Potions
 d - a potion of might
Comestibles
 f - 2 bread rations

Dungeon Overview and Level Annotations

Branches:
Dungeon (1/15)

Altars:


Message History

You kill the goblin!
You swing at nothing.
You swing at nothing.
You swing at nothing.
You swing at nothing.
You swing at nothing.
Things that are here:
a vampiric short sword; a goblin corpse; a kobold corpse
Found a helmet.
You see here a helmet.
h - a helmet Wear which item? (? for menu, Esc to quit)
You start putting on your armour.
You continue putting on your helmet. x4
You finish putting on your +0 helmet.
A goblin comes into view. It is wielding a dagger.
A goblin is nearby!
The goblin shouts!
You slash the goblin!
You kill the goblin!
No target in view!
No target in view!
No target in view!
No target in view!
No target in view!
No target in view!
No target in view!
No target in view!
No target in view!
No target in view!
No target in view!
No target in view!
No target in view!
Found a dagger.
You now have 3 gold pieces.
Things that are here:
a dagger; a goblin corpse
Found a stone staircase leading down.
A giant newt comes into view.
A giant newt is nearby!
Your shield and scale mail prevent you from hitting the giant newt.
You block the giant newt's attack.
Your shield and scale mail prevent you from hitting the giant newt.
The giant newt bites you but does no damage.
The giant newt barely misses you.
You slash the giant newt!
You kill the giant newt!
You have reached level 2!
You feel monstrous as your demonic heritage exerts itself.
Your demonic ancestry asserts itself...
Your fingernails lengthen.
Are you sure you want to abandon this character and quit the game? (Confirm with "yes".)

############ #...........####
#.####.......... #.#
#..........
#######.####.#.#....#
#####............#.#....#
#..##.........@....#....##
#..#........###.##........
#..#...####.# ##).....#
###..#...# #.####......#
.........####.......)...#
###................###.#......
#.###.###.#........#........
###.###.# #.########%###...#..
......#.###.# #.# #.## .


There were no monsters in sight!

Action                   || total
-------------------------++-------
Melee: War axe           ||    26
Armor: Scale mail        ||    11
Dodge: Dodged            ||     4
Block: Shield            ||     9

Notes
Turn   | Place    | Note
--------------------------------------------------------------
     0 | D:1      | Duffy the Demonspawn Fighter began the quest for the Orb.
     0 | D:1      | Reached XP level 1. HP: 18/18 MP: 1/1
   129 | D:1      | Reached skill level 2 in Axes
   552 | D:1      | Gained mutation: You have sharp fingernails. [demonic ancestry]
   552 | D:1      | Reached XP level 2. HP: 24/24 MP: 2/2
   553 | D:1      | Quit the game

Skill      XL: |  1 |
---------------+----+-----
Axes           | 2 |  2.4
Fighting       | |  3.0
Armour         | |  2.6
Shields        | |  2.6

Vault maps used:
D:1:      erik_arrival_triangle_medium

Vanquished Creatures
  A bat
  2 goblins
  A hobgoblin
  2 kobolds
  A giant newt
7 creatures vanquished.
